 Dungeon Crawl Stone Soup version 0.30-a0-134-gb40fab5c76 (webtiles) character file.

Game seed: 3386523522808856763

298 nicolae the Shooter (level 6, -4/46 HPs)
             Began as a Barachi Hunter on Sept 19, 2022.
             Frozen to death by an endoplasm (5 damage)
             ... on level 3 of the Dungeon.
             The game lasted 00:05:24 (1475 turns).

nicolae the Shooter (Barachi Hunter)                Turns: 1475, Time: 00:05:26

Health: -4/46      AC:  4    Str: 13    XL:     6   Next: 36%
Magic:  6/6        EV: 12    Int:  9    God:
Gold:   81         SH:  0    Dex: 17    Spells: 3/5 levels left

rFire   . . .      SeeInvis .    a - +0 shortbow
rCold   . . .      Faith    .    (shield currently unavailable)
rNeg    . . .      Spirit   .    c - +0 leather armour
rPois   .          Reflect  .    (no helmet)
rElec   .          Harm     .    (no cloak)
rCorr   .          Rampage  .    (no gloves)
Will    .....                    l - +0 pair of boots
Stlth   ++........               f - amulet of the acrobat
HPRegen 0.15/turn                (no ring)
MPRegen 0.10/turn                (no ring)

@: slow
A: amphibious, slowness 1, strong legs 1, +LOS
a: Hop


You were on level 3 of the Dungeon.
You visited 1 branch of the dungeon, and saw 3 of its levels.

You collected 81 gold pieces.

Inventory:

Hand Weapons
 a - a +0 shortbow (weapon)
Armour
 c - a +0 leather armour (worn)
 l - a +0 pair of boots (worn)
Jewellery
 f - an amulet of the acrobat (around neck)
Wands
 h - a wand of polymorph (8)
Scrolls
 b - a scroll of immolation
 d - a scroll of blinking
 e - a scroll of poison {unknown}
 g - a scroll of summoning {unknown}
 m - a scroll of teleportation {unknown}
Potions
 k - a potion of flight


   Skills:
 - Level 2.4 Fighting
 + Level 7.4 Ranged Weapons
 - Level 2.1 Dodging
 - Level 0.8 Stealth


You had 3 spell levels left.
You knew the following spells:

 Your Spells              Type           Power      Damage    Failure   Level
a - Blink                 Tloc           0%         N/A       61%         2

Your spell library contained the following spells:

 Spells                   Type           Power      Damage    Failure   Level
 Manifold Assault         Tloc           0%         N/A       99%         4
 Storm Form               Tmut/Air       0%         N/A       100%        7


Dungeon Overview and Level Annotations

Branches:
Dungeon (3/15)

Altars:


Innate Abilities, Weirdness & Mutations

You are amphibious.
You cover ground slowly.
You can hop short distances.
You have an extended range of vision and can be seen from far away.


Message History

The orc wizard hits you but does no damage.
The orc wizard completely misses you. The endoplasm freezes you.
You are frozen.
* * * LOW HITPOINT WARNING * * *
The orc wizard attacks as you move away!
The orc wizard closely misses you.
You are too injured to fight recklessly!
Okay, then.
Fire: a) +0 shortbow
Press: ? - help, Q - select action, (/) - cycle Shift-Dir - straight line, f/p - orc wizard
Aim: an orc wizard, wielding a +0 dagger and wearing a +0 robe (lightly wounded, 58% to hit)
You shoot an arrow. The arrow hits the orc wizard.
The orc wizard is moderately wounded.
The endoplasm hits you.
* * * LOW HITPOINT WARNING * * *
The orc wizard hits you with a +0 dagger.
* * * LOW HITPOINT WARNING * * *
Fire: a) +0 shortbow
Press: ? - help, Q - select action, (/) - cycle Shift-Dir - straight line, f/p - orc wizard
Aim: an orc wizard, wielding a +0 dagger and wearing a +0 robe (moderately wounded, 58% to hit)
You shoot an arrow. The arrow barely misses the orc wizard.
The endoplasm misses you.
The orc wizard casts a spell.
The orc wizard flickers and vanishes!
Something hits you.
* * * LOW HITPOINT WARNING * * *
Something hits you.
* * * LOW HITPOINT WARNING * * *
The endoplasm hits you.
* * * LOW HITPOINT WARNING * * *
Something hits you.
* * * LOW HITPOINT WARNING * * *
Unknown command.
Fire: a) +0 shortbow
Press: ? - help, Q - select action, (/) - cycle Shift-Dir - straight line, f - endoplasm
Aim: an endoplasm (87% to hit)
You shoot an arrow. The arrow barely misses the endoplasm.
The endoplasm freezes you.
You are frozen.
You die...

#..#### #.....#
##.##.# #.##.#
#######.##.#
#..........#
#..........# ###
#..........### #..
#.....@.....)#
#####.#
#....{J...##.#
#.....#
#####.........##.#
#.##..#
#............###.#
#.##..#
#............# #.#
#.##..#
#..........(.# #.#
#.##..#
#............# #.#
#.##..#
#............# #.#
#.....#
#............# #.#
####.##


You could see an endoplasm.

Vanquished Creatures
  Grinder (D:3)
  An orc wizard (D:3)
  Terence (D:3)
  2 adders (D:3)
  4 worms (D:2)
  2 orcs (D:3)
  4 ball pythons
  2 endoplasms
  A giant cockroach (D:2)
  3 hobgoblins
  A kobold (D:2)
  A quokka (D:2)
  3 bats
  2 frilled lizards (D:1)
  A goblin (D:2)
  3 rats
32 creatures vanquished.

Notes
Turn   | Place    | Note
-------+----------+-------------------------------------------
     0 | D:1      | nicolae the Barachi Hunter began the quest for the Orb.
     0 | D:1      | Reached XP level 1. HP: 17/17 MP: 1/1
   201 | D:1      | Found a faded altar of an unknown god.
   320 | D:1      | Reached XP level 2. HP: 23/23 MP: 2/2
   924 | D:2      | Reached XP level 3. HP: 28/28 MP: 3/3
   935 | D:2      | Reached skill level 5 in Ranged Weapons
  1229 | D:3      | Noticed Terence
  1249 | D:3      | Killed Terence
  1250 | D:3      | Reached XP level 4. HP: 31/34 MP: 4/4
  1272 | D:3      | Learned a level 2 spell: Blink
  1349 | D:3      | Noticed Grinder
  1355 | D:3      | Paralysed by Grinder for 3 turns
  1395 | D:3      | Killed Grinder
  1396 | D:3      | Reached skill level 7 in Ranged Weapons
  1396 | D:3      | Reached XP level 5. HP: 32/39 MP: 5/5
  1396 | D:3      | Reached XP level 6. HP: 38/46 MP: 6/6
  1474 | D:3      | HP: 1/46 [something (4)]
  1475 | D:3      | Frozen to death by an endoplasm

Illustrated notes

Levels and vault maps discovered:
D:1:      heliophobic_arrival_glass_houses, layout_rooms,
          hellmonk_ecumenical_altar_zigzags
D:2:      layout_rooms, nicolae_wormholes
D:3:      layout_basic, serial_shops, shop, uniq_terence, uniq_grinder

Skill      XL: |  1  2  3  4 |
---------------+-------------+-----
Ranged Weapons | 5 7 |  7.4
Fighting       | |  2.4
Dodging        | |  2.1
Stealth        | |  0.8

Action                   |  1- 3 |  4- 6 || total
-------------------------+-------+-------++-------
 Fire: Shortbow          |    84 |    40 ||   124
 Abil: Hop               |     1 |     1 ||     2
  Use: Scroll            |     5 |       ||     5
       Potion            |     3 |     3 ||     6
Armor: Leather armour    |     6 |     4 ||    10
Dodge: Dodged            |    21 |    27 ||    48

Table legend: (Time is in decaauts)
 A = Elapsed time spent in this place.
 B = Non-inter-level travel time spent in this place.
 C = Inter-level travel time spent in this place.
 D = Time resting spent in this place.
 E = Time spent auto-exploring this place.
 F = Levels seen in this place.
 G = Mean time per level.
                   A        B        C        D        E       F      G
               +--------+--------+--------+--------+--------+-----+--------+
         Total |   1695 |   1631 |     64 |     35 |   1265 |   3 |  565.0 |
       Dungeon |   1695 |   1631 |     64 |     35 |   1265 |   3 |  565.0 |
               +--------+--------+--------+--------+--------+-----+--------+

Top non-repeatable levels by time:
     D:2: 694 daAuts
     D:1: 657 daAuts
     D:3: 343 daAuts
